 Dungeon Crawl Stone Soup version 0.19.0-11-g3fc08b3 (webtiles) character file.

118 emikaela the Shooter (level 4, 0/42 HPs)
             Began as a Deep Elf Hunter on Nov 9, 2016.
             Slain by an orc wizard
             ... wielding a +0 dagger
              (1 damage)
             ... on level 3 of the Dungeon.
             The game lasted 00:08:05 (3863 turns).

emikaela the Shooter (Deep Elf Hunter)              Turns: 3863, Time: 00:08:06

Health: 0/42       AC: 22    Str:  9    XL:     4   Next: 72%
Magic:  6/6        EV:  2    Int: 14    God:
Gold:   92         SH:  0    Dex: 16    Spells: 0 memorised, 3 levels left

rFire  + . .     SeeInvis .     b - +0 short sword
rCold  + . .     Gourm    .     (armour currently unavailable)
rNeg   + + +     Faith    .     (no shield)
rPois  +         Spirit   .     (helmet currently unavailable)
rElec  +         Reflect  .     (cloak currently unavailable)
rCorr  +         Harm     .     (gloves currently unavailable)
MR     .....     NoTele   +     (boots currently unavailable)
Stlth  ++........               (no amulet)
                                (no ring)
                                (no ring)

@: tree-form, resistant
A: dopey 1, MP-powered wands
a: no special abilities


You were on level 3 of the Dungeon.
You were not hungry.
You were a tree.
You visited 1 branch of the dungeon, and saw 3 of its levels.

You collected 92 gold pieces.

Inventory:

Hand Weapons
 a - a +1 shortbow
 b - a +0 short sword (weapon)
Missiles
 h - 115 stones (quivered)
 n - 23 bolts
Armour
 c - a +0 leather armour (melded)
Scrolls
 e - a scroll of remove curse
 o - 2 scrolls of recharging {unknown}
 q - a scroll of magic mapping {unknown}
 s - a scroll of enchant weapon {unknown}
Potions
 g - a potion of flight {unknown}
 j - 2 potions of ambrosia {unknown}
 k - a potion of berserk rage {unknown}
 p - 2 potions of might {unknown}
Comestibles
 f - a bread ration
 i - a meat ration


   Skills:
 + Level 3.4 Fighting
 - Level 4.3 Bows
 + Level 3.9 Dodging
 - Level 1.2 Stealth


You had 3 spell levels left.
You didn't know any spells.

Dungeon Overview and Level Annotations

Branches:
Dungeon (3/15)

Altars:
Qazlal


Innate Abilities, Weirdness & Mutations

You are dopey. (Int -2)
You expend magic power (3 MP) to strengthen your wands.


Message History

* * * LOW HITPOINT WARNING * * *
You hear some strange, mumbled words.
You are confused.
You bump into the rock wall.
You miss something. Something hits you.
* * * LOW HITPOINT WARNING * * *
You miss something. Something hits you.
* * * LOW HITPOINT WARNING * * *
It was a potion of resistance.
You feel protected. Something barely misses you.
It was a potion of mutation.
You feel extremely strange.
You feel your magical essence link to your wands.
You feel stupid.
You feel less confused. Something hits you but does no damage.
It was a potion of lignification.
You turn into a tree.
Your +0 leather armour melds into your body.
Your roots penetrate the ground.
Something hits you.
You die...

#.. ... .#. #.# #.###
.o. #.# #... .((
#.###.######(#
#............
#.###.####(#.##..
#.##...)(........
#....{####.####.. .
#.....♣........ .
#.....####.#### ###
#.....# .. # #.. #.....#
## .# #.#
#.....#########..####.#
#...#..................
##.#.#..#####.###.####.#
#...............#.......
##.#.##.##.##.#.#.####.#


There were no monsters in sight!

Vanquished Creatures
  Jessica (D:2)
  3 adders
  2 worms (D:2)
  A dart slug (D:1)
  A leopard gecko (D:2)
  2 orcs (D:3)
  6 bats (D:1)
  2 giant cockroaches
  11 hobgoblins
  2 jackals (D:1)
  6 kobolds
  A quokka (D:3)
  2 ball pythons
  5 frilled lizards
  4 goblins
  6 rats
55 creatures vanquished.

Notes
Turn   | Place    | Note
-------+----------+-------------------------------------------
     0 | D:1      | emikaela the Deep Elf Hunter began the quest for the Orb.
     0 | D:1      | Reached XP level 1. HP: 12/12 MP: 3/3
   494 | D:1      | Reached XP level 2. HP: 9/17 MP: 4/4
  1929 | D:1      | Reached XP level 3. HP: 22/22 MP: 5/5
  2346 | D:2      | Noticed Jessica
  2926 | D:2      | Killed Jessica
  2926 | D:2      | Reached XP level 4. HP: 28/28 MP: 6/6
  3374 | D:3      | Found a stormy altar of Qazlal.
  3860 | D:3      | HP: 1/28 [something (1)]
  3862 | D:3      | Gained mutation: You expend magic power (3 MP) to strengthen your wands. [potion of mutation]
  3862 | D:3      | Gained mutation: You are dopey. (Int -2) [potion of mutation]
  3863 | D:3      | Slain by an orc wizard

Skill      XL: |  1  2  3 |
---------------+----------+-----
Fighting       | 2 3 |  3.4
Dodging        | 3 |  3.9
Bows           | |  4.3
Stealth        | |  1.2

Action                   |  1- 3 |  4- 6 || total
-------------------------+-------+-------++-------
Melee: Whip              |   157 |       ||   157
       Short sword       |     7 |    25 ||    32
 Fire: Shortbow          |    30 |    43 ||    73
Throw: Stone             |     6 |       ||     6
  Use: Scroll            |     3 |       ||     3
       Potion            |       |     3 ||     3
 Stab: Sleeping          |     1 |       ||     1
  Eat: Chunk             |     6 |     3 ||     9
Armor: Leather armour    |    41 |     8 ||    49
Dodge: Dodged            |   129 |    20 ||   149
